 Dungeon Crawl Stone Soup version 0.26-a0-651-gb41185065b (webtiles) character file.

Game seed: 14044153278622453168

64117 grandjackal the Victor of a Thousand Battles (level 14, -4/118 HPs)
             Began as a Demonspawn Gladiator on Sept 30, 2020.
             Was the Champion of Okawaru.
             Shot with an arrow by a centaur warrior (15 damage)
             ... on level 13 of the Dungeon.
             The game lasted 00:35:52 (24044 turns).

grandjackal (DsGl)                                 Turns: 24044, Time: 00:35:53

Health: -4/118     AC: 10    Str: 19    XL:     14   Next: 70%
Magic:  0/25       EV: 20    Int: 13    God:    Okawaru [******]
Gold:   1932       SH:  0    Dex: 16    Spells: 13/13 levels left

rFire    + + .     SeeInvis .   W - +11 plutonium sword {*Contam Stlth-}
rCold    + + .     Faith    .   (shield currently unavailable)
rNeg     + . .     Spirit   +   M - +1 leather armour "Saakleth" {Slay+4}
rPois    .         Reflect  .   c - +0 helmet
rElec    .         Harm     .   J - scarf {rC+ rF+}
rCorr    .         Rampage  .   T - +0 pair of gloves
MR       +....                  (boots unavailable)
Stlth    ..........             j - amulet of regeneration
HPRegen  0.69/turn              N - ring of Qoit {rN+ Int+4}
MPRegen  0.38/turn              y - ring of protection from fire

@: no status effects
A: talons 3, icy blue scales 3, augmentation 1, magic shield, magic
regeneration, rot immunity
a: Heroism, Finesse, Renounce Religion


You were on level 13 of the Dungeon.
You worshipped Okawaru.
Okawaru was exalted by your worship.
You visited 3 branches of the dungeon, and saw 21 of its levels.

You collected 2590 gold pieces.
You spent 658 gold pieces at shops.

Inventory:

Hand Weapons
 L - a +2 quick blade
 W - the +11 plutonium sword (weapon) {*Contam Stlth-}
   (Okawaru gifted it to you on level 4 of the Lair of Beasts)

   It causes magical contamination when unequipped.
   It makes you less stealthy.
Missiles
 d - a throwing net (quivered)
Armour
 c - a +0 helmet (worn)
 H - the +6 scale mail "Fyfrafra" {rElec Str+4 Int-4 Dex+3, unknown}
   (You found it on level 6 of the Lair of Beasts)

   It affects your strength (+4).
   It affects your intelligence (-4).
   It affects your dexterity (+3).
   It insulates you from electricity.
 J - a scarf of resistance (worn)
 M - the +1 leather armour "Saakleth" (worn) {Slay+4}
   (You found it on level 10 of the Dungeon)

   It affects your accuracy and damage with ranged weapons and melee attacks
   (+4).
 T - a +0 pair of gloves (worn)
Jewellery
 a - an uncursed ring of protection from fire
 j - an amulet of regeneration (around neck)
 m - an uncursed ring of resist corrosion
 y - a ring of protection from fire (right hand)
 K - an uncursed ring of positive energy {unknown}
 N - the ring of Qoit (left hand) {rN+ Int+4}
   (You found it on level 11 of the Dungeon)

   [ring of positive energy]

   It affects your intelligence (+4).
   It protects you from negative energy.
 Q - a +6 ring of dexterity {unknown}
 S - the ring of Dups {rElec Str+3 Stlth-}
   (You bought it in a shop on level 2 of the Orcish Mines)

   [ring of attention]

   It affects your strength (+3).
   It insulates you from electricity.
   It makes you less stealthy.
 X - an uncursed ring of see invisible {unknown}
 Y - an uncursed ring of fire {unknown}
 Z - an uncursed ring of fire {unknown}
Wands
 e - a wand of flame (27)
 B - a wand of disintegration (8)
 D - a wand of polymorph (27)
 F - a wand of paralysis (14)
 I - a wand of digging (13)
 P - a wand of acid (10)
Scrolls
 b - 4 scrolls of enchant armour
 g - 5 scrolls of fog
 h - 13 scrolls of remove curse
 k - 4 scrolls of random uselessness {unknown}
 l - 9 scrolls of magic mapping
 s - 3 scrolls of fear
 u - 5 scrolls of enchant weapon
 v - 6 scrolls of noise {unknown}
 w - 13 scrolls of teleportation
 G - 3 scrolls of vulnerability
 R - a scroll of immolation
 V - a scroll of summoning
Potions
 f - 4 potions of haste
 i - 3 potions of cancellation
 o - 6 potions of lignification
 p - 5 potions of flight
 q - 10 potions of heal wounds
 r - 3 potions of magic
 t - a potion of berserk rage
 x - 9 potions of curing
 z - 3 potions of stabbing
 A - 2 potions of might
 C - 3 potions of mutation
 E - 5 potions of ambrosia
 U - a potion of brilliance


   Skills:
 + Level 13.3 Fighting
 + Level 12.4 Long Blades
 - Level 1.7 Throwing
 - Level 4.1 Armour
 + Level 11.8 Dodging
 + Level 15.8 Invocations


You had 13 spell levels left.
You didn't know any spells.
Your spell library contained the following spells:

 Spells                   Type           Power        Failure   Level
 Animate Skeleton         Necr           #.....       34%         1
 Apportation              Tloc           #.....       34%         1
 Corona                   Hex            #......      34%         1
 Magic Dart               Conj           #...         34%         1
 Shock                    Conj/Air       #...         34%         1
 Summon Small Mammal      Summ           #...         34%         1
 Searing Ray              Conj           #.....       47%         2
 Swiftness                Air            #.......     47%         2
 Confusing Touch          Hex            #.......     71%         3
 Dazzling Flash           Conj/Hex       #.....       71%         3
 Gell's Gravitas          Tloc           #.........   71%         3
 Static Discharge         Conj/Air       #.......     71%         3
 Airstrike                Air            #.........   98%         4
 Fulminant Prism          Conj/Hex       #.........   98%         4
 Iskenderun's Mystic Bla  Conj/Tloc      #.......     98%         4
 Petrify                  Tmut/Erth      #.......     98%         4
 Summon Lightning Spire   Summ/Air       #.......     98%         4
 Bolt of Magma            Conj/Fire/Erth #.........   100%        5
 Iskenderun's Battlesphe  Conj           #.......     100%        5
 Lightning Bolt           Conj/Air       #.........   100%        5
 Metabolic Englaciation   Hex/Ice        #.........   100%        5
 Silence                  Hex/Air        #.........   100%        5
 Yara's Violent Unravell  Hex/Tmut       #.........   100%        5
 Conjure Ball Lightning   Conj/Air       #.........   100%        6
 Iron Shot                Conj/Erth      #.........   100%        6
 Orb of Destruction       Conj           #.........   100%        7
 Spellforged Servitor     Conj/Summ      #.........   100%        7
 Tornado                  Air            #.........   100%        9


Dungeon Overview and Level Annotations

Branches:
Dungeon (13/15)            Temple (0/1) D:7            Lair (6/6) D:10
  Swamp (0/4) Lair:2       Spider (0/4) Lair:3        Slime (0/5) Lair:6
    Orc (2/2) D:9             Elf (0/3) Orc:2
 Vaults: D:13-14

Altars:
Hepliaklqana
Nemelex Xobeh
Okawaru
Qazlal
Ru
Xom
Zin
The Shining One
Beogh

Shops:
D:9 (   Orc:2 (**:

Annotations:
D:10 exclusion: oklob plant
D:11 exclusion: 2 oklob plants
D:13 Rupert
Lair:2 exclusion: 4 oklob plants
Lair:5 exclusion: oklob plant


Innate Abilities, Weirdness & Mutations

You have claws for feet.
You are completely covered in icy blue scales. (AC +4, rC+)
Your magical and physical power is slightly enhanced at high health.
When hurt, damage is shared between your health and your magic reserves.
You regenerate magic rapidly.
You are immune to rotting.


Message History

The centaur shoots an arrow.
The arrow closely misses you.
The centaur shoots an arrow.
The arrow hits you but does no damage.
The centaur shoots an arrow.
The arrow closely misses you.
Unknown command.
You slice the death drake!!
Mutagenic energy flows through the plutonium sword!
The death drake evaporates and reforms as a floating eye!
You claw the floating eye.
The floating eye is moderately wounded.
The centaur shoots an arrow.
The arrow hits you but does no damage.
The centaur warrior shoots an arrow.
The arrow hits you!
* * * LOW HITPOINT WARNING * * *
The centaur shoots an arrow.
The arrow completely misses you.
The centaur shoots an arrow.
The arrow hits you!
* * * LOW HITPOINT WARNING * * *
The centaur shoots an arrow.
The arrow closely misses you.
Rupert the Wild comes into view.
He is wielding a +2 great sword of flaming and wearing a +3 ring mail of fire resistance.
The centaur shoots an arrow.
The arrow hits you.
The centaur warrior shoots an arrow.
The arrow hits you!
You die...

#########...#
............#
@...........#
............#
..c.........#
.....c......#
...c......(.#
...c...@.(#.#
...c..G#(((.#
.......#.(..+
.......#.####
.......#.#
.......#.#
.......#.#
.......#.#
#.( #.<#.#


You could see Rupert, a centaur warrior, 4 centaurs and a floating eye.

Vanquished Creatures
  2 orc warlords
  2 entropy weavers (Lair:4)
  A fire dragon (Lair:6)
  2 hydras
  A catoblepas (Lair:4)
  A two-headed ogre (D:10)
  2 centaur warriors
  A queen ant (Lair:4)
  An unseen horror (D:10)
  A lindwurm (Lair:6)
  Pikel (D:7)
  7 orc knights
  2 orc sorcerers (Orc:1)
  A manticore (D:12)
  2 ugly things
  7 elephants
  8 black mambas
  2 molten gargoyles (Lair:6)
  8 cane toads
  A gargoyle (D:10)
  6 rime drakes
  3 komodo dragons
  8 trolls
  A queen bee (Lair:2)
  9 hippogriffs
  8 slime creatures
  28 blink frogs
  Sigmund (D:6)
  6 wyverns
  18 yaks
  9 basilisks
  3 steam dragons
  10 wargs
  16 soldier ants (Lair:4)
  2 hell hounds (Lair:6)
  13 water moccasins
  11 porcupines
  A floating eye (D:11)
  An ice beast (D:11)
  42 orc warriors
  5 sky beasts
  17 ogres
  A black bear (D:12)
  A phantom (D:6)
  A tengu (Lair:4)
  A necrophage (D:11)
  9 centaurs
  16 crocodiles
  13 wolves
  A lemure (D:7)
  3 big kobolds
  14 bullfrogs
  A wyvern zombie (D:9)
  A wyvern skeleton (D:7)
  2 scorpions
  45 killer bees
  8 wights (D:11)
  3 howler monkeys
  An electric eel (Lair:6)
  5 lava snakes (Lair:6)
  7 hounds
  4 bullfrog zombies
  2 centaur zombies
  3 jellies
  A quasit (D:7)
  13 orc priests
  18 orc wizards
  3 bullfrog skeletons
  3 centaur skeletons
  Crazy Yiuf (D:5)
  8 iguanas
  A hell rat (Lair:2)
  30 worker ants
  2 hound zombies
  3 hound skeletons
  Robin (D:4)
  A howler monkey skeleton (D:10)
  7 gnolls
  17 adders
  3 shadow imps
  3 white imps (D:9)
  An ufetubus (D:6)
  2 oozes
  An adder zombie (D:8)
  3 adder skeletons
  2 worms
  2 dart slugs
  13 leopard geckos
  99 orcs
  4 bats
  6 giant cockroaches
  15 goblins
  8 hobgoblins
  23 jackals
  23 kobolds
  4 quokkas
  8 frilled lizards
  2 jackal skeletons
  A leopard gecko skeleton (D:4)
  A leopard gecko zombie (D:8)
  2 rats
748 creatures vanquished.

Vanquished Creatures (others)
  A hell hound (Lair:6)
  2 killer bees (Lair:2)
  An orc wizard (D:9)
  An orc (Orc:1)
  13 fungi
  13 plants
31 creatures vanquished.

Grand Total: 779 creatures vanquished

Notes
Turn   | Place    | Note
-------+----------+-------------------------------------------
     0 | D:1      | grandjackal the Demonspawn Gladiator began the quest for
                  | the Orb.
     0 | D:1      | Reached XP level 1. HP: 16/16 MP: 1/1
    45 | D:1      | Gained mutation: You are partially covered in icy blue
                  | scales. (AC +2) [demonic ancestry]
    45 | D:1      | Reached XP level 2. HP: 15/22 MP: 2/2
   718 | D:2      | Gained mutation: You have sharp toenails. [demonic
                  | ancestry]
   718 | D:2      | Reached XP level 3. HP: 24/28 MP: 3/3
  1208 | D:2      | Gained mutation: You are immune to rotting. [demonic
                  | ancestry]
  1208 | D:2      | Reached XP level 4. HP: 35/35 MP: 4/4
  1506 | D:3      | Found a sparkling altar of Nemelex Xobeh.
  1658 | D:3      | Found a sacrificial altar of Ru.
  1730 | D:3      | Gained mutation: You are mostly covered in icy blue scales.
                  | (AC +3) [demonic ancestry]
  1730 | D:3      | Reached XP level 5. HP: 31/41 MP: 5/5
  2838 | D:4      | Noticed Robin
  2857 | D:4      | Killed Robin
  3208 | D:5      | Entered Level 5 of the Dungeon
  3212 | D:5      | Gained mutation: You have razor-sharp toenails. [demonic
                  | ancestry]
  3212 | D:5      | Reached XP level 6. HP: 48/48 MP: 6/6
  3561 | D:5      | Found a glowing silver altar of Zin.
  3567 | D:5      | Found an iron altar of Okawaru.
  3572 | D:5      | Found a hazy altar of Hepliaklqana.
  3584 | D:5      | Became a worshipper of Warmaster Okawaru
  3618 | D:5      | Found a runed translucent door.
  3619 | D:5      | Noticed Crazy Yiuf
  4175 | D:5      | Reached skill level 1 in Invocations
  4332 | D:5      | Reached XP level 7. HP: 54/55 MP: 6/8
  4487 | D:5      | Reached * piety under Okawaru
  4487 | D:5      | Reached skill level 2 in Invocations
  4674 | D:5      | Found a glowing golden altar of the Shining One.
  4804 | D:5      | Killed Crazy Yiuf
  5172 | D:6      | Reached skill level 5 in Fighting
  5172 | D:6      | Reached skill level 5 in Long Blades
  5172 | D:6      | Reached skill level 5 in Dodging
  5172 | D:6      | Reached skill level 3 in Invocations
  5594 | D:6      | Gained mutation: When hurt, damage is shared between your
                  | health and your magic reserves. [demonic ancestry]
  5594 | D:6      | Reached XP level 8. HP: 62/62 MP: 10/10
  5687 | D:6      | Reached skill level 4 in Invocations
  6030 | D:6      | Reached ** piety under Okawaru
  6030 | D:6      | Reached skill level 5 in Invocations
  6388 | D:6      | Noticed Sigmund
  6396 | D:6      | Killed Sigmund
  6708 | D:7      | Noticed Pikel
  6725 | D:7      | Killed Pikel
  6725 | D:7      | Reached *** piety under Okawaru
  6725 | D:7      | Reached skill level 6 in Invocations
  6725 | D:7      | Reached XP level 9. HP: 51/71 MP: 9/13
  7373 | D:7      | Reached skill level 7 in Invocations
  7553 | D:7      | Found a staircase to the Ecumenical Temple.
  8286 | D:8      | Reached skill level 8 in Invocations
  8457 | D:8      | Reached **** piety under Okawaru
  8527 | D:8      | Found a stormy altar of Qazlal.
  8878 | D:9      | Found Jegompu's Weapon Emporium.
  8892 | D:9      | Gained mutation: You are completely covered in icy blue
                  | scales. (AC +4, rC+) [demonic ancestry]
  8892 | D:9      | Reached XP level 10. HP: 44/80 MP: 9/16
  9493 | D:9      | Found a staircase to the Orcish Mines.
  9508 | D:9      | Received a gift from Okawaru
  9852 | D:9      | Found a runed translucent door.
  9856 | D:9      | Noticed a centaur warrior
  9873 | D:9      | Killed a centaur warrior
  9873 | D:9      | Reached skill level 9 in Invocations
 10392 | D:10     | Entered Level 10 of the Dungeon
 10542 | D:10     | Reached ***** piety under Okawaru
 10650 | D:10     | Found a shimmering altar of Xom.
 10650 | D:10     | Noticed an oklob plant
 10892 | D:10     | Noticed a gargoyle
 10908 | D:10     | Killed a gargoyle
 11097 | D:10     | Killed an unseen horror
 11097 | D:10     | Received a gift from Okawaru
 11252 | D:10     | Noticed a two-headed ogre
 11271 | D:10     | Killed a two-headed ogre
 11271 | D:10     | Reached skill level 10 in Invocations
 11271 | D:10     | Gained mutation: You regenerate magic rapidly. [demonic
                  | ancestry]
 11271 | D:10     | Reached XP level 11. HP: 51/89 MP: 9/18
 11400 | D:10     | Found a staircase to the Lair.
 11423 | D:10     | Got a brightly glowing leather armour
 11652 | D:10     | Identified the +1 leather armour "Saakleth" {Slay+4} (You
                  | found it on level 10 of the Dungeon)
 12029 | D:11     | Got a transparent iron ring
 12031 | D:11     | Identified the ring of Qoit {rN+ Int+4} (You found it on
                  | level 11 of the Dungeon)
 12206 | D:11     | Noticed an oklob plant
 12216 | D:11     | Paralysed by a floating eye for 3 turns
 12223 | D:11     | Noticed an oklob plant
 12667 | D:12     | Noticed a centaur warrior
 12681 | D:12     | Noticed a six-headed hydra
 13289 | D:12     | Killed a six-headed hydra
 13289 | D:12     | Reached skill level 11 in Invocations
 13298 | D:12     | Killed a centaur warrior
 13481 | D:12     | Reached ****** piety under Okawaru
 13505 | D:12     | Noticed a cyan ugly thing
 13521 | D:12     | Killed a cyan ugly thing
 13521 | D:12     | Reached skill level 10 in Fighting
 13679 | D:12     | Received a gift from Okawaru
 14102 | Orc:1    | Entered Level 1 of the Orcish Mines
 14120 | Orc:1    | Noticed an orc warlord
 14120 | Orc:1    | Noticed an orc sorcerer
 14148 | Orc:1    | Noticed a sun demon
 14148 | Orc:1    | Killed an orc sorcerer
 14148 | Orc:1    | Gained mutation: You have claws for feet. [demonic
                  | ancestry]
 14148 | Orc:1    | Reached XP level 12. HP: 26/97 MP: 4/20
 14150 | Orc:1    | HP: 3/97 [orc warrior/+0 trident[an orc warlord] (24)]
 14465 | D:9      | Killed an orc warlord
 14465 | D:9      | Reached skill level 12 in Invocations
 14999 | Orc:1    | Reached skill level 10 in Long Blades
 15227 | Orc:1    | Reached skill level 10 in Dodging
 15251 | Orc:2    | Entered Level 2 of the Orcish Mines
 15347 | Orc:1    | Received a gift from Okawaru
 15350 | Orc:1    | Got a glimmering scale mail {god gift}
 15821 | Orc:2    | Found Ucag Qeh's Weapon Shoppe.
 15821 | Orc:2    | Found Iddeuwin's General Store.
 16121 | Orc:2    | Found a roughly hewn altar of Beogh.
 16313 | Orc:2    | Reached skill level 13 in Invocations
 16411 | Orc:2    | Found Poulag's Book Boutique.
 16411 | Orc:2    | Found Tyvynetegg's General Store.
 16589 | Orc:2    | Bought a scroll of magic mapping for 59 gold pieces
 16589 | Orc:2    | Bought the ring of Dups {rElec Str+3 Stlth-} for 472 gold
                  | pieces
 16589 | Orc:2    | Bought a scroll of enchant weapon for 127 gold pieces
 16619 | Orc:2    | Noticed an orc warlord
 16836 | Orc:2    | Killed an orc warlord
 16836 | Orc:2    | Received a gift from Okawaru
 16839 | Orc:2    | Gained mutation: Your magical and physical power is
                  | slightly enhanced at high health. [demonic ancestry]
 16839 | Orc:2    | Reached XP level 13. HP: 92/106 MP: 18/23
 17035 | Orc:2    | Found a staircase to the Elven Halls.
 17122 | Orc:2    | Found a roughly hewn altar of Beogh.
 17472 | Lair:1   | Entered Level 1 of the Lair of Beasts
 17700 | Lair:1   | Identified the +2 scale mail of Grot {Harm Str-5 Int+4
                  | SInv} (Okawaru gifted it to you on level 1 of the Orcish
                  | Mines)
 18332 | Lair:2   | Reached skill level 1 in Armour
 18338 | Lair:2   | Got a bloodstained leather armour
 18349 | Lair:2   | Identified the +1 leather armour of Abstinence {Slay+2}
                  | (You found it on level 2 of the Lair of Beasts)
 18595 | Lair:2   | Reached skill level 14 in Invocations
 18951 | Lair:2   | Found a staircase to the Swamp.
 19359 | Lair:2   | Received a gift from Okawaru
 19846 | Lair:3   | Found a hole to the Spider Nest.
 20298 | Lair:4   | Received a gift from Okawaru
 20299 | Lair:4   | Found the +11 plutonium sword {*Contam Stlth-}
 20865 | Lair:4   | Noticed an entropy weaver
 20865 | Lair:4   | Reached XP level 14. HP: 116/116 MP: 25/25
 20866 | Lair:4   | Noticed an entropy weaver
 20870 | Lair:4   | Killed an entropy weaver
 20870 | Lair:4   | Killed an entropy weaver
 20872 | Lair:4   | Reached skill level 15 in Invocations
 21241 | Lair:4   | Identified a scroll of acquirement
 21244 | Lair:4   | Acquired 317 gold pieces
 22099 | Lair:6   | Entered Level 6 of the Lair of Beasts
 22167 | Lair:6   | Got a distressingly furry scale mail
 22253 | Lair:6   | Received a gift from Okawaru
 22637 | Lair:6   | Found a staircase to the Slime Pits.
 23290 | Lair:6   | Found a large runed translucent door.
 23290 | Lair:6   | Found a large runed translucent door.
 24044 | D:13     | Noticed Rupert
 24044 | D:13     | Shot with an arrow by a centaur warrior

Illustrated notes

Levels and vault maps discovered:
D:1:      ebering_hopf_link, layout_rooms, chequers_serial_rivers_large_b
D:2:      layout_loops_ring, corner_web_ring
D:3:      layout_basic, nemelex_xobeh_ov_fountains_minmay,
          nicolae_ru_great_annihilating_truth
D:4:      layout_gridville, dk_vineyard_1, uniq_robin
D:5:      layout_loops_ring, lemuel_coloured_pillars_altar,
          gammafunk_temple_overflow_forgotten, minmay_lizard_king,
          uniq_crazy_yiuf_cottage
D:6:      layout_basic, minmay_bent, uniq_sigmund
D:7:      layout_cave_pools, minmay_temple_entry_glassed_door,
          hangedman_decor_peaks_small, uniq_pikel
D:8:      layout_basic, lemuel_round_altar
D:9:      layout_irregular_city, david_orc_3, serial_shops,
          nicolae_shop_temple_entry_statues_fountains, minmay_st_funbox,
          roderic_roman_lattice
D:10:     layout_loops_ring, lair_entry_dummy, lemuel_oklob_altar
D:11:     layout_grid_maze, disabler_island
D:12:     layout_basic
D:13:     layout_stronghold, david_vaults_4, uniq_rupert
Lair:1:   layout_big_grid
Lair:2:   hangedman_what_comes_after_a, layout_regular_city,
          minmay_swamp_entry_reptiles, beast_lair_carwin_6, grunt_megastairs_1,
          serial_bayou_shore_b, infiniplex_staircase_pool, serial_bayou_shore_b
Lair:3:   layout_roguey, spider_nest_entry_web_field
Lair:4:   layout_roguey, zaba_anthell, grunt_megastairs_4,
          infiniplex_staircase_pool_2
Lair:5:   layout_roguey
Lair:6:   cheibrodos_lair_end_hotspot, layout_gridlike, slime_dummy
Orc:1:    layout_caves
Orc:2:    st_orc_town, layout_caves, basic_altar

Skill      XL: |  1  2  3  4  5  6  7  8  9 10 11 12 13 14 |
---------------+-------------------------------------------+-----
Long Blades    | 3 4 5 6 7 8 9 10 11 12 | 12.4
Dodging        | 3 4 5 6 7 8 9 10 11 | 11.8
Fighting       | 3 4 5 6 7 9 10 11 12 13 | 13.3
Invocations    | 1 3 6 8 10 11 13 14 15 | 15.8
Armour         | 4 |  4.1
Throwing       | |  1.7

Action                   |  1- 3 |  4- 6 |  7- 9 | 10-12 | 13-15 || total
-------------------------+-------+-------+-------+-------+-------++-------
Melee: Long sword        |    70 |   179 |   374 |   519 |   286 ||  1428
       Kick              |     4 |    68 |   154 |   444 |   237 ||   907
       Punch             |       |       |     2 |     6 |       ||     8
       Quick blade       |       |       |       |   477 |    11 ||   488
       Triple sword      |       |       |       |       |   207 ||   207
Throw: Throwing net      |       |       |       |     2 |       ||     2
Invok: Heroism           |       |       |     4 |     5 |       ||     9
Evoke: Wand              |       |       |       |     1 |       ||     1
  Use: Scroll            |       |       |       |    17 |    11 ||    28
       Potion            |       |       |       |     1 |       ||     1
 Stab: Invisible         |       |     1 |       |       |       ||     1
       Paralysed         |       |     1 |       |       |       ||     1
       Sleeping          |       |       |       |     2 |       ||     2
       Held in net/web   |       |       |       |     3 |       ||     3
       Petrified         |       |       |       |       |     2 ||     2
Armor: Leather armour    |    18 |    65 |   132 |   131 |   123 ||   469
Dodge: Dodged            |    57 |   151 |   401 |   648 |   689 ||  1946
       Rpst.: Long sword |    23 |    46 |   124 |   113 |   117 ||   423
       Triple sword      |       |       |       |       |    80 ||    80

Table legend: (Time is in decaauts)
 A = Elapsed time spent in this place.
 B = Non-inter-level travel time spent in this place.
 C = Inter-level travel time spent in this place.
 D = Time resting spent in this place.
 E = Time spent auto-exploring this place.
 F = Levels seen in this place.
 G = Mean time per level.
                   A        B        C        D        E       F      G
               +--------+--------+--------+--------+--------+-----+--------+
         Total |  23861 |  22911 |    950 |   4732 |  13657 |  21 | 1136.2 |
       Dungeon |  14874 |  14227 |    647 |   3060 |   8671 |  13 | 1144.2 |
          Lair |   6264 |   6077 |    187 |    857 |   4127 |   6 | 1044.0 |
  Orcish Mines |   2723 |   2608 |    115 |    815 |    858 |   2 | 1361.5 |
               +--------+--------+--------+--------+--------+-----+--------+

Top non-repeatable levels by time:
     D:9: 2031 daAuts
     D:5: 1831 daAuts
     D:6: 1608 daAuts
  Lair:6: 1576 daAuts
   Orc:2: 1465 daAuts
    D:11: 1410 daAuts
    D:10: 1348 daAuts
  Lair:2: 1270 daAuts
   Orc:1: 1258 daAuts
  Lair:4: 1129 daAuts
     D:3: 1121 daAuts
     D:7: 1060 daAuts
     D:8: 1044 daAuts
     D:4: 897 daAuts
  Lair:5: 861 daAuts
